 Dungeon Crawl Stone Soup version 0.30.1 (webtiles) character file.

Game seed: 17429765612883457952

389 Graphine the Sneak (level 7, -3/41 HPs)
             Began as a Kobold Brigand on July 4, 2023.
             Killed from afar by an orc wizard (11 damage)
             ... with a puff of flame
             ... on level 3 of the Dungeon.
             The game lasted 00:03:20 (1808 turns).

Graphine the Sneak (Kobold Brigand)                 Turns: 1808, Time: 00:03:21

Health: -3/41      AC:  4    Str:  9    XL:     7   Next: 7%
Magic:  7/7        EV: 13    Int: 12    God:
Gold:   92         SH:  0    Dex: 18    Spells: 6/6 levels left

rFire   . . .        g - +0 rapier
rCold   . . .        (no shield)
rNeg    . . .        b - +0 robe
rPois   +            i - -1 helmet "Cekeuru" {-Cast rPois Will+++ Regen+}
rElec   .            c - +0 cloak
rCorr   .            (no gloves)
SInv    .            k - +0 pair of boots
Will    +++..        (no amulet)
Stlth   +++++        (no ring)
HPRegen 1.06/turn    (no ring)
MPRegen 0.10/turn

%: no spellcasting
@: grasped by roots, constricted
A: small, no large weapons, nightstalker 3
a: no special abilities


You were on level 3 of the Dungeon.
You visited 1 branch of the dungeon, and saw 3 of its levels.

You collected 92 gold pieces.

Inventory:

Hand Weapons
 a - a +2 dagger
 g - a +0 rapier (weapon)
Missiles
 d - 16 poisoned darts (quivered)
 e - 3 curare-tipped darts
 o - 4 boomerangs of dispersal
Armour
 b - a +0 robe (worn)
 c - a +0 cloak (worn)
 i - the -1 helmet "Cekeuru" (worn) {-Cast rPois Will+++ Regen+}
   (You acquired it on level 1 of the Dungeon)

   rPois:     It protects you from poison.
   -Cast:     It prevents spellcasting.
   Regen:     It increases your rate of health regeneration.
   Will:      It greatly increases your willpower.
 k - a +0 pair of boots (worn)
Jewellery
 f - a ring of ice
Wands
 m - a wand of roots (13)
Potions
 h - a potion of might
 j - a potion of curing
 l - a potion of brilliance {unknown}
 n - a potion of flight {unknown}


   Skills:
 + Level 3.4 Fighting
 * Level 5.3 Short Blades
 - Level 2.1 Throwing
 * Level 4.3 Dodging
 * Level 7.3 Stealth
 * Level 0.7 Evocations


You had 6 spell levels left.
You didn't know any spells.
Your spell library contained the following spells:

 Spells                   Type           Power      Damage    Failure   Level
 Call Canine Familiar     Summ           0%         N/A       69%         3
 Portal Projectile        Hex/Tloc       0%         N/A       69%         3
 Leda's Liquefaction      Hex/Erth       0%         N/A       97%         4


Dungeon Overview and Level Annotations

Branches:
Dungeon (3/15)

Altars:

Annotations:
D:3 Ijyb


Innate Abilities, Weirdness & Mutations

You are small and have problems with some larger weapons.
You are completely attuned to the shadows.


Message History

You hit the orc but do no damage. The orc misses you.
The giant cockroach waves its antennae.
You hit the orc.
The orc is severely wounded.
The orc closely misses you.
You hit the orc.
You kill the orc!
You hit something.
You hear some strange, mumbled words.
A puff of flame appears from out of thin air!
The puff of flame hits you!
You miss something. Something hits you.
You miss something. Something hits you.
You miss something. You barely miss something. Something hits you.
You hit something. Something barely misses you.
You closely miss something. Something hits you.
You barely miss something.
You hear some strange, mumbled words.
A puff of flame appears from out of thin air!
The puff of flame misses you.
You hit something. Something hits you but does no damage.
You miss something.
You hear some strange, mumbled words.
A magic dart appears from out of thin air!
The magic dart hits you!
You hit something.
You hear some strange, mumbled words.
A puff of flame appears from out of thin air!
The puff of flame hits you!
* * * LOW HITPOINT WARNING * * *
You closely miss something.
Ijyb zaps a wand.
The roots erupt in riotous growth!
Ijyb is unaffected.
The plant is unaffected.
The grasping roots grab you! The grasping roots constrict you.
* * * LOW HITPOINT WARNING * * *
You hear some strange, mumbled words.
A puff of flame appears from out of thin air!
The puff of flame hits you!
You die...

.... .... ....
....#♣♣♣♣♣♣
....og{P♣.♣♣
......♣@.♣P♣♣
.
....##♣♣♣.P.♣♣
P. ..g.
♣.♣P...♣...
....
♣♣♣.P♣♣.P♣
♣..P...P♣P♣
♣♣..♣♣.....♣
♣.♣♣.♣♣♣...♣
♣..♣..♣..P.
♣♣..♣...... ♣


You could see Ijyb and an orc priest.

Vanquished Creatures
  Sigmund (D:2)
  Jessica (D:3)
  Natasha (thrice) (D:2)
  An orc wizard (D:3)
  2 adders (D:2)
  A worm (D:2)
  A dart slug (D:1)
  7 orcs (D:3)
  3 bats
  8 endoplasms
  2 giant cockroaches
  4 goblins
  6 hobgoblins
  2 jackals (D:1)
  A quokka (D:2)
  2 ball pythons
  A frilled lizard (D:1)
  7 kobolds
  2 rats
55 creatures vanquished.

Notes
Turn   | Place    | Note
-------+----------+-------------------------------------------
     0 | D:1      | Graphine the Kobold Brigand began the quest for the Orb.
     0 | D:1      | Reached XP level 1. HP: 12/12 MP: 1/1
   291 | D:1      | Reached XP level 2. HP: 15/17 MP: 2/2
   560 | D:1      | Reached XP level 3. HP: 22/22 MP: 3/3
   977 | D:1      | Identified a scroll of acquirement
   977 | D:1      | Acquired the -1 helmet "Cekeuru" {-Cast rPois Will+++
                  | Regen+}
   991 | D:2      | Noticed Sigmund
  1004 | D:2      | Killed Sigmund
  1005 | D:2      | Reached skill level 6 in Stealth
  1005 | D:2      | Reached XP level 4. HP: 28/28 MP: 4/4
  1005 | D:2      | Reached XP level 5. HP: 32/32 MP: 5/5
  1005 | D:2      | Reached XP level 6. HP: 37/37 MP: 6/6
  1055 | D:2      | Noticed Natasha
  1058 | D:2      | Killed Natasha
  1215 | D:2      | Reached skill level 7 in Stealth
  1367 | D:2      | Reached skill level 5 in Short Blades
  1482 | D:2      | Noticed Natasha
  1497 | D:2      | Killed Natasha
  1512 | D:2      | Noticed Natasha
  1523 | D:2      | Killed Natasha
  1553 | D:3      | Noticed Jessica
  1554 | D:3      | Killed Jessica
  1712 | D:3      | Reached XP level 7. HP: 31/41 MP: 7/7
  1771 | D:3      | Noticed Ijyb
  1808 | D:3      | Killed from afar by an orc wizard

Illustrated notes

Levels and vault maps discovered:
D:1:      nzn_arrival_crosshair, layout_basic
D:2:      layout_basic, minivault_24, uniq_natasha, uniq_sigmund
D:3:      wad_woods_pond, layout_basic, dilly_ecumenical_altar_fadedgnrine,
          uniq_robin, uniq_ijyb, uniq_terence, uniq_jessica

Skill      XL: |  1  2  3  4  5  6 |
---------------+-------------------+-----
Short Blades   | 3 4 5 |  5.3
Dodging        | 2 3 4 |  4.3
Fighting       | 3 |  3.4
Stealth        | 6 7 |  7.3
Throwing       | |  2.1
Evocations     | |  0.7

Action                     |  1- 3 |  4- 6 |  7- 9 || total
---------------------------+-------+-------+-------++-------
  Melee: Rapier            |    42 |    83 |    39 ||   164
         Punch             |       |       |     1 ||     1
  Throw: Dart              |     2 |       |     1 ||     3
    Use: Scroll            |     4 |     1 |       ||     5
   Stab: Sleeping          |    16 |     8 |       ||    24
 Armour: Robe              |     4 |     9 |     3 ||    16
  Dodge: Dodged            |    18 |    44 |    22 ||    84
